 Dungeon Crawl Stone Soup version 0.31-a0-960-g0fca184906 (webtiles) character file.

Game seed: 14716476376278223108

672 Newt the Skirmisher (level 7, -2/44 HPs)
             Began as a Kobold Hunter on Oct 23, 2023.
             Slain by an orc warrior
             ... wielding a +0 hand axe
              (10 damage)
             ... on level 5 of the Dungeon.
             The game lasted 00:04:14 (3827 turns).

Newt the Skirmisher (Kobold Hunter)                 Turns: 3827, Time: 00:04:14

Health: -2/44      AC:  7    Str: 19    XL:     7   Next: 90%
Magic:  7/7        EV: 15    Int: 14    God:
Gold:   314        SH:  0    Dex: 24    Spells: 6/6 levels left

rFire   . . .        a - +1 shortbow
rCold   . . .        (shield currently unavailable)
rNeg    . . .        q - +4 robe of Augmentation {Str+4 Int+4 Dex+4}
rPois   .            f - +0 helmet
rElec   .            (no cloak)
rCorr   .            (no gloves)
SInv    .            (no boots)
Will    .....        (no amulet)
Stlth   +++          m - +6 ring of strength
HPRegen 0.27/turn    (no ring)
MPRegen 0.10/turn

%: no passive effects
@: no status effects
A: small, no large weapons, nightstalker 3
a: no special abilities


You were on level 5 of the Dungeon.
You visited 1 branch of the dungeon, and saw 5 of its levels.

You collected 314 gold pieces.

Inventory:

Hand Weapons
 a - a +1 shortbow (weapon)
Armour
 c - a +0 leather armour
 f - a +0 helmet (worn)
 q - the +4 robe of Augmentation (worn) {Str+4 Int+4 Dex+4}
   (You found it on level 4 of the Dungeon)

   Str+4:     It affects your strength (+4).
   Int+4:     It affects your intelligence (+4).
   Dex+4:     It affects your dexterity (+4).
Jewellery
 m - a +6 ring of strength (left hand)
Talismans
 k - a beast talisman
Scrolls
 d - 2 scrolls of teleportation
 o - a scroll of enchant weapon
 p - a scroll of vulnerability
 r - a scroll of silence
Potions
 e - a potion of attraction
 g - a potion of magic
 i - 2 potions of brilliance {unknown}
 j - a potion of mutation
 l - a potion of haste
 n - a potion of heal wounds {unknown}


   Skills:
 - Level 5.0 Fighting
 - Level 10.0 Ranged Weapons
 - Level 2.4 Dodging
 - Level 1.3 Stealth
 + Level 2.0 Shapeshifting


You had 6 spell levels left.
You didn't know any spells.
Your spell library contained the following spells:

 Spells                   Type           Power      Damage    Failure   Level
 Apportation              Tloc           0%         N/A       28%         1
 Necrotise                Necr           0%         1d4       28%         1
 Summon Small Mammal      Summ           0%         N/A       28%         1
 Cigotuvi's Dreadful Rot  Necr/Pois/Air  0%         N/A       41%         2
 Call Canine Familiar     Summ           0%         N/A       65%         3
 Ignite Poison            Fire/Tmut/Pois 0%         N/A       65%         3
 Inner Flame              Hex/Fire       0%         N/A       65%         3
 Sigil of Binding         Hex            0%         N/A       65%         3
 Dimensional Bullseye     Hex/Tloc       0%         N/A       96%         4
 Flame Wave               Conj/Fire      0%         2d4       96%         4
 Leda's Liquefaction      Hex/Erth       0%         N/A       96%         4
 Sticky Flame             Conj/Fire      0%         2d3       96%         4
 Freezing Cloud           Conj/Ice/Air   0%         6-21      100%        5


Dungeon Overview and Level Annotations

Branches:
Dungeon (5/15)
 Temple: D:4-7

Altars:
Ashenzari
Yredelemnul

Annotations:
D:4 1 runed translucent door, Ahpoh's ghost, amateur BaFi


Innate Abilities, Weirdness & Mutations

You are small and have problems with some larger weapons.
You are completely attuned to the shadows.


Message History

Unknown command.
Unknown command.
You swap places.
You swap places.
Something barely misses your butterfly.
Something closely misses your butterfly.
You swap places.
Something hits your butterfly!
Your butterfly dies!
Your butterfly disappears in a burst of colours!
You start resting.
Something hits your butterfly!
Your butterfly dies!
Your butterfly disappears in a burst of colours!
You start resting.
An orc warrior is nearby!
An orc warrior is nearby!
Something hits your butterfly!
Your butterfly dies!
Your butterfly disappears in a burst of colours!
You swap places.
You start resting.
An orc warrior is nearby!
An orc warrior is nearby!
An orc warrior is nearby!
You swap places.
You shoot an arrow.
The arrow hits the orc warrior but does no damage.
The orc warrior is heavily wounded.
You shoot an arrow. The arrow hits the orc warrior.
The orc warrior is severely wounded.
The orc warrior hits you but does no damage.
You shoot an arrow. The arrow hits the orc warrior.
The orc warrior is almost dead.
The orc warrior hits you with a +0 hand axe!
* * * LOW HITPOINT WARNING * * *
You shoot an arrow.
The arrow hits the orc warrior but does no damage.
The orc warrior is severely wounded.
Your butterfly disappears in a burst of colours!
The orc warrior hits you with a +0 hand axe!
You die...

#.#...bbb #.# #.#bbo)b>
.# ###.# #.##b#.b.
..##...# #.##.# b.
.....### ##.##.# ...
###..## #..##b# ..
......# #...bb# .#
#####.# # ##..######.#.#
#.#.#
#......o@b...#######.#.#
#...######.#.##...##...#
#.... b# ##...##.###
#....# .# ........###.
#....# .#............. .
.......[......
.#.#.##...##.....
..................
#.#.##.######.....


You could see an orc warrior.

Vanquished Creatures
  Eustachio (D:5)
  An ogre (D:4)
  A phantom (D:3)
  A jelly (D:4)
  2 hounds (D:5)
  A sleepcap (D:5)
  An iguana (D:4)
  3 orc wizards
  A gnoll (D:1)
  2 shadow imps (D:5)
  2 ufetubi (D:5)
  4 worms
  2 dart slugs
  12 orcs
  6 endoplasms
  5 giant cockroaches
  5 goblins
  6 hobgoblins
  3 quokkas
  6 ball pythons
  5 bats
  3 frilled lizards
  2 kobolds
  2 rats
77 creatures vanquished.

Notes
Turn   | Place    | Note
-------+----------+-------------------------------------------
     0 | D:1      | Newt the Kobold Hunter began the quest for the Orb.
     0 | D:1      | Reached XP level 1. HP: 12/12 MP: 1/1
   180 | D:1      | Reached XP level 2. HP: 9/19 MP: 2/2
   469 | D:1      | Found a faded altar of an unknown god.
   581 | D:1      | Reached XP level 3. HP: 23/23 MP: 3/3
  1417 | D:2      | Found a basalt altar of Yredelemnul.
  1643 | D:3      | Reached XP level 4. HP: 30/30 MP: 4/4
  2336 | D:4      | Noticed a phantom
  2372 | D:3      | Killed a phantom
  2373 | D:3      | Reached skill level 5 in Fighting
  2373 | D:3      | Reached skill level 6 in Ranged Weapons
  2373 | D:3      | Reached XP level 5. HP: 17/35 MP: 5/5
  2664 | D:4      | Found a runed translucent door.
  2692 | D:4      | You fall into a shaft and drop 1 floor!
  2692 | D:5      | Entered Level 5 of the Dungeon
  2709 | D:5      | Reached skill level 7 in Ranged Weapons
  2723 | D:5      | Reached XP level 6. HP: 36/40 MP: 6/6
  2799 | D:4      | Noticed Ahpoh's ghost (amateur BaFi)
  2836 | D:4      | Found a broken altar of Ashenzari.
  2936 | D:4      | Noticed an ogre
  2944 | D:4      | Killed an ogre
  2945 | D:4      | Reached skill level 8 in Ranged Weapons
  2953 | D:4      | Reached XP level 7. HP: 44/44 MP: 7/7
  2977 | D:4      | Found a basalt altar of Yredelemnul.
  3029 | D:4      | Reached skill level 9 in Ranged Weapons
  3030 | D:4      | Found the +4 robe of Augmentation {Str+4 Int+4 Dex+4}
  3290 | D:5      | Noticed Eustachio
  3327 | D:5      | Killed Eustachio
  3491 | D:5      | Reached skill level 10 in Ranged Weapons
  3503 | D:5      | Reached skill level 1 in Shapeshifting
  3798 | D:5      | HP: 1/44 [orc warrior/+0 hand axe (7)]
  3827 | D:5      | Slain by an orc warrior

Illustrated notes

Levels and vault maps discovered:
D:1:      lemuel_arrival_muddy, layout_basic,
          chequers_ecumenical_altar_simple_redux
D:2:      layout_loops_ring, basic_altar, hangedman_decor_opposing
D:3:      layout_rooms
D:4:      layout_gridville, mainiacjoe_overflow_tiny_flanked,
          cheibrodos_ashenzari_chains, ebering_ghost_inner_flame
D:5:      layout_loops_ring, uniq_eustachio

Skill      XL: |  1  2  3  4  5  6  7 |
---------------+----------------------+-----
Fighting       | 3 4 5 |  5.0
Ranged Weapons | 6 7 8 10 | 10.0
Shapeshifting  | 2 |  2.0
Dodging        | |  2.4
Stealth        | |  1.3

Action                     |  1- 3 |  4- 6 |  7- 9 || total
---------------------------+-------+-------+-------++-------
   Fire: Shortbow          |    84 |   128 |   111 ||   323
  Throw: Throwing net      |       |     1 |       ||     1
    Use: Scroll            |     1 |    11 |     2 ||    14
         Potion            |       |     3 |     1 ||     4
 Armour: Leather armour    |    20 |    48 |       ||    68
         Skin              |       |     2 |       ||     2
         Robe              |       |       |    48 ||    48
  Dodge: Dodged            |    33 |    66 |    55 ||   154

Table legend: (Time is in decaauts)
 A = Elapsed time spent in this place.
 B = Non-inter-level travel time spent in this place.
 C = Inter-level travel time spent in this place.
 D = Time resting spent in this place.
 E = Time spent auto-exploring this place.
 F = Levels seen in this place.
 G = Mean time per level.
                   A        B        C        D        E       F      G
               +--------+--------+--------+--------+--------+-----+--------+
         Total |   3853 |   3730 |    123 |    720 |   2441 |   5 |  770.6 |
       Dungeon |   3853 |   3730 |    123 |    720 |   2441 |   5 |  770.6 |
               +--------+--------+--------+--------+--------+-----+--------+

Top non-repeatable levels by time:
     D:3: 984 daAuts
     D:1: 925 daAuts
     D:5: 755 daAuts
     D:2: 727 daAuts
     D:4: 460 daAuts
